 Dungeon Crawl Stone Soup version 0.32-a0-928-g1cae6b7ea0 (webtiles) character file.

Game seed: 6972476871712598803

52330 dialectric the Severer (level 14, 0/129 HPs)
             Began as a Minotaur Fighter on Apr 11, 2024.
             Slain by an ettin
             ... wielding a +0 dire flail
              (10 damage)
             ... on level 1 of the Orcish Mines on Apr 12, 2024.
             The game lasted 00:32:47 (20437 turns).

dialectric the Severer (Minotaur Fighter)          Turns: 20437, Time: 00:32:48

Health: 0/129      AC: 30    Str: 24    XL:     14   Next: 26%
Magic:  20/20      EV:  9    Int:  5    God:
Gold:   1427       SH:  8    Dex: 12    Spells: 20/23 levels left

rFire   x . .        s - +8 hand axe of Change {freeze, rC+ rN+ SInv}
rCold   x . .        T - +2 buckler
rNeg    + . .        p - +0 plate armour
rPois   +            (helmet unavailable)
rElec   .            (no cloak)
rCorr   .            x - +0 pair of gloves
SInv    +            O - +2 pair of boots
Will    +....        z - amulet of Elemental Vulnerability {rPois rF-- rC-- AC+8} Stlth
                     g - ring of protection from fire
HPRegen 0.41/turn    F - ring of see invisible
MPRegen 0.17/turn

%: no passive effects
@: no status effects
A: horns 3, retaliatory headbutt
a: no special abilities


You were on level 1 of the Orcish Mines.
You visited 3 branches of the dungeon, and saw 20 of its levels.

You collected 2089 gold pieces.
You spent 662 gold pieces at shops.

Inventory:

Hand Weapons
 l - the +12 whip of Guun {protect, rN+ Int+4}
   (You found it on level 12 of the Dungeon)

   Int+4:     It affects your intelligence (+4).
   rN+:       It protects you from negative energy.
 s - the +8 hand axe of Change (weapon) {freeze, rC+ rN+ SInv}
   (You bought it in a shop on level 3 of the Dungeon)

   rC+:       It protects you from cold.
   rN+:       It protects you from negative energy.
   SInv:      It lets you see invisible.
 R - the +10 quarterstaff of Biumac {speed, +Blink rC+ MP-9 Str+3}
   (You found it on level 2 of the Lair of Beasts)

   Str+3:     It affects your strength (+3).
   rC+:       It protects you from cold.
   MP-9:      It affects your magic capacity (-9).
   +Blink:    It lets you blink.
Missiles
 f - 45 poisoned darts (quivered)
 h - 6 atropa-tipped darts
 w - 2 throwing nets
Armour
 c - a +0 buckler
 p - a +0 plate armour (worn)
 x - a +0 pair of gloves (worn)
 O - a +2 pair of boots (worn)
 T - a +2 buckler (worn)
Jewellery
 g - a ring of protection from fire (left hand)
 o - an amulet of reflection
 v - an amulet of magic regeneration
 z - the amulet of Elemental Vulnerability (around neck) {rPois rF-- rC-- AC+8}
   (You found it on level 7 of the Dungeon)

   [amulet of nothing]

   AC+8:      It affects your AC (+8).
   rF--:      It makes you very vulnerable to fire.
   rC--:      It makes you very vulnerable to cold.
   rPois:     It protects you from poison.
 C - a +4 ring of slaying
 F - a ring of see invisible (right hand)
 S - an amulet of regeneration
Talismans
 k - a dragon-blood talisman
Wands
 e - a wand of digging (9)
 y - a wand of flame (45)
 H - a wand of quicksilver (5)
 I - a wand of iceblast (12)
 N - a wand of mindburst (4)
Scrolls
 i - 3 scrolls of fog
 m - 4 scrolls of immolation
 n - 3 scrolls of teleportation
 B - 2 scrolls of identify
 D - 4 scrolls of fear
 K - a scroll of enchant armour
 L - 3 scrolls of vulnerability
 P - a scroll of revelation
Potions
 a - a potion of enlightenment
 b - 2 potions of haste
 d - 2 potions of might
 j - 8 potions of curing
 q - 4 potions of brilliance
 r - 2 potions of ambrosia
 t - 3 potions of mutation
 u - 4 potions of lignification
 A - 2 potions of attraction
 E - 2 potions of cancellation
 G - a potion of heal wounds
 J - 2 potions of resistance
 M - 2 potions of invisibility
 Q - a potion of magic


   Skills:
 + Level 13.4 Fighting
 + Level 16.4(16.8) Axes
 - Level 6.1(12.3) Maces & Flails
 * Level 15.4 Armour
 + Level 9.0 Dodging
 - Level 10.1 Shields
 - Level 5.0 Spellcasting
 - Level 4.0 Earth Magic
 - Level 4.0 Evocations


You had 20 spell levels left.
You knew the following spells:

 Your Spells              Type           Power      Damage    Failure   Level
a - Passwall              Erth           5%         N/A       85%         3

Your spell library contained the following spells:

 Spells                   Type           Power      Damage    Failure   Level
 Sandblast                Erth           10%        2d5       47%         1
 Apportation              Tloc           2%         N/A       95%         1
 Foxfire                  Conj/Fire      4%         2x1d4     95%         1
 Freeze                   Ice            4%         1d3       95%         1
 Magic Dart               Conj           4%         1d3       95%         1
 Necrotise                Necr           4%         1d4       95%         1
 Sting                    Conj/Alch      4%         1d3       95%         1
 Summon Small Mammal      Summ           4%         N/A       95%         1
 Stone Arrow              Conj/Erth      6%         3d7       98%         3
 Blink                    Tloc           2%         N/A       99%         2
 Call Imp                 Summ           2%         N/A       99%         2
 Ensorcelled Hibernation  Hex/Ice        2%         N/A       99%         2
 Lesser Beckoning         Tloc           2%         N/A       99%         2
 Mercury Vapours          Alch/Air       2%         N/A       99%         2
 Sublimation of Blood     Necr           1%         N/A       99%         2
 Frozen Ramparts          Ice            2%         1d1       100%        3
 Fugue of the Fallen      Necr           1%         N/A       100%        3
 Hailstorm                Conj/Ice       1%         3d5       100%        3
 Inner Flame              Hex/Fire       1%         N/A       100%        3
 Maxwell's Portable Pile  Tloc           1%         2d(5-13)  100%        3
 Swiftness                Air            1%         N/A       100%        3
 Teleport Other           Tloc           1%         N/A       100%        3
 Anguish                  Hex/Necr       0%         N/A       100%        4
 Brom's Barrelling Bould  Conj/Erth      3%         2d3       100%        4
 Flame Wave               Conj/Fire      1%         2d4       100%        4
 Olgreb's Toxic Radiance  Alch           1%         N/A       100%        4
 Sticky Flame             Fire/Alch      1%         2d4       100%        4
 Irradiate                Conj/Alch      0%         3d11      100%        5
 Plasma Beam              Fire/Air       0%         2x1d10    100%        6
 Starburst                Conj/Fire      0%         6d3       100%        6
 Summon Hydra             Summ           0%         N/A       100%        7
 Ignition                 Fire           0%         3d3       100%        8


Dungeon Overview and Level Annotations

Branches:
Dungeon (13/15)            Temple (0/1) D:6            Lair (5/5) D:10
  Swamp (0/4) Lair:3        Snake (0/4) Lair:3          Orc (2/2) D:12
    Elf (0/3) Orc:2
  Slime: Lair:4-5    Vaults: D:13-14

Altars:
Ashenzari
Dithmenos
Fedhas
Gozag
Hepliaklqana
Makhleb
Nemelex Xobeh
Okawaru
Qazlal
Sif Muna
Uskayaw
Wu Jian
Yredelemnul
Zin
The Shining One
Beogh

Shops:
D:3 *   D:12 :   Orc:1 [   Orc:2 *=?[

Portals:
Pandemonium: Orc:2

Annotations:
D:7 3 runed translucent doors, Cobbler's ghost, novice SpHu
D:8 1 runed translucent door, olddryhag's ghost, journeyman CoWn
D:10 3 runed translucent doors, Lemonizer's ghost, novice MDEE
D:11 3 runed translucent doors, HilariousDeathArtist's ghost, journeyman CoCj
D:12 exclusion: obsidian statue
Lair:3 3 runed translucent doors, exclusion: oklob plant, Livid's ghost, journeyman OnFE; RBrandon's ghost, journeyman CoBe; Shayle's ghost, journeyman CoAl; hattop's ghost, journeyman MDFi; jasper's ghost, journeyman DsFi


Innate Abilities, Weirdness & Mutations

You have a pair of large horns on your head.
You reflexively headbutt those who attack you in melee.


Message History

You are too injured to fight recklessly!
Unknown command.
You completely miss Erica. Your headbutt misses Erica.
Erica is severely wounded.
You hit the ettin but do no damage. Erica hits you but does no damage.
You block Erica's attack. You block the ettin's attack.
The ettin hits you with a +0 dire flail!!
* * * LOW HITPOINT WARNING * * *
You are too injured to fight recklessly!
You hit Erica.
Erica is severely wounded.
You hit the ettin. You freeze the ettin. Erica casts a spell at you.
The bolt of poison hits you but does no damage.
You resist. You block the ettin's attack. x2
Unknown command.
Unknown command.
You slice Erica!! You freeze Erica.
You kill Erica!
You hit the ettin but do no damage.
Unknown command.
You block the ettin's attack. The ettin closely misses you.
Things that are here:
a +0 scimitar of flaming; a ring of protection from cold; the octopode corpse of Erica Unknown command.
The ettin hits you but does no damage. The ettin closely misses you.
You slash the ettin! You freeze the ettin.
You headbutt the ettin, but do no damage.
The ettin is severely wounded.
You block the ettin's attack.
The ettin hits you with a +0 dire flail!!
* * * LOW HITPOINT WARNING * * *
You hit the ettin but do no damage.
The ettin is severely wounded.
You slash the ettin! You freeze the ettin.
You headbutt the ettin, but do no damage.
The ettin is almost dead.
The ettin barely misses you.
The ettin hits you with a +0 dire flail!
You die...

## .....#
##.######.....
....#.#.##.#.#
.$..$.......## #
#...........#.##
#.............#
#...._C...#.##
#....)@.....#
###
##......#.#..#
##.###...##### #
#...##..#.#..##
.
##............#.
##.#...#......
##...#...#.##
###..........##
##.##..........#


You could see an ettin.

Vanquished Creatures
  An ettin (Orc:1)
  Snorg (Orc:1)
  Fannar (D:12)
  A demonspawn (Orc:2)
  Erica (Orc:1)
  4 two-headed ogres
  A boulder beetle (D:12)
  Urug (D:10)
  4 orc high priests (Orc:2)
  A soul eater (Orc:2)
  2 skysharks (Lair:1)
  A skeletal warrior (D:12)
  6 orc knights
  A manticore (D:11)
  7 orc sorcerers (Orc:2)
  2 ugly things
  A kobold blastminer (Orc:1)
  7 elephants
  3 black mambas
  5 cyclopes (D:12)
  A torpor snail (Lair:5)
  9 cane toads
  A gargoyle (D:12)
  A smoke demon (Orc:2)
  3 rime drakes
  An orange demon (Orc:2)
  8 komodo dragons
  An efreet (D:12)
  A red devil (Orc:2)
  4 trolls
  2 polar bears (Lair:3)
  2 hornets
  2 blink frogs
  7 dream sheep
  3 shadows
  A spriggan (Lair:1)
  2 slime creatures (D:12)
  3 wraiths
  A spriggan (shapeshifter) (D:13)
  7 wyverns
  37 yaks
  4 basilisks
  3 vampire mosquitoes
  2 wargs
  3 nagas (Lair:3)
  2 acid dragons
  12 water moccasins
  2 black bears (D:10)
  24 orc warriors
  7 ogres
  10 wolves
  A phantom (D:7)
  3 centaurs
  4 kobold brigands
  A gnoll sergeant (D:12)
  13 bullfrogs
  2 scorpions
  3 wights (D:7)
  17 killer bees
  3 electric eels
  9 howler monkeys
  A jelly (D:7)
  A gnoll bouda (D:6)
  20 orc priests
  A sleepcap (D:6)
  5 iguanas
  18 orc wizards
  12 hell rats (Lair:1)
  12 gnolls
  8 adders
  5 shadow imps (D:6)
  A white imp (D:6)
  5 ribbon worms
  A dart slug (D:2)
  53 orcs
  6 endoplasms
  3 giant cockroaches
  4 goblins
  5 hobgoblins
  8 jackals (D:2)
  19 kobolds
  4 quokkas
  5 ball pythons
  8 bats
  6 frilled lizards
  4 rats
488 creatures vanquished.

Notes
Turn   | Place    | Note
-------+----------+-------------------------------------------
     0 | D:1      | dialectric the Minotaur Fighter began the quest for the
                  | Orb.
     0 | D:1      | Reached XP level 1. HP: 19/19 MP: 0/0
   146 | D:1      | Reached XP level 2. HP: 24/27 MP: 1/1
   458 | D:1      | Upgraded the game from 0.32-a0-918-g0f22ef8d61 to
                  | 0.32-a0-928-g1cae6b7ea0
  1063 | D:2      | Reached XP level 3. HP: 28/33 MP: 2/2
  1728 | D:2      | Reached XP level 4. HP: 34/41 MP: 3/3
  1975 | D:3      | Found Jesuv's Assorted Antiques.
  2000 | D:3      | Bought a yellow potion for 14 gold pieces
  2000 | D:3      | Bought an emerald potion for 14 gold pieces
  2016 | D:3      | Bought a faintly glowing hand axe for 128 gold pieces
  2016 | D:3      | Identified the +8 hand axe of Change {freeze, rC+ rN+ SInv}
                  | (You bought it in a shop on level 3 of the Dungeon)
  2137 | D:3      | Reached skill level 1 in Axes
  2176 | D:2      | Reached XP level 5. HP: 36/47 MP: 4/4
  2235 | D:2      | Reached skill level 5 in Armour
  2253 | D:3      | Reached skill level 2 in Axes
  2848 | D:4      | Found a shimmering blue altar of Sif Muna.
  2926 | D:4      | Reached XP level 6. HP: 49/55 MP: 5/5
  3462 | D:5      | Entered Level 5 of the Dungeon
  3469 | D:5      | Reached skill level 5 in Fighting
  3469 | D:5      | Reached skill level 3 in Axes
  3469 | D:5      | Reached skill level 5 in Shields
  3594 | D:5      | Reached skill level 4 in Axes
  3594 | D:5      | Reached XP level 7. HP: 61/61 MP: 6/6
  3625 | D:5      | Identified the +1 ring mail of Ruruczuu {Harm rF- Will-
                  | Int+8}
  3994 | D:6      | Found a glowing silver altar of Zin.
  4558 | D:6      | Reached skill level 5 in Axes
  4847 | D:6      | Found a staircase to the Ecumenical Temple.
  5173 | D:6      | Reached XP level 8. HP: 70/70 MP: 7/7
  5354 | D:7      | Found a runed translucent gate.
  5354 | D:7      | Found a runed translucent gate.
  5354 | D:7      | Found a runed translucent gate.
  5357 | D:7      | Noticed Cobbler's ghost (novice SpHu)
  5363 | D:7      | Identified the +6 plate armour "Rodghatz" {rPois rCorr
                  | Slay+2}
  5383 | D:7      | Reached skill level 6 in Axes
  5561 | D:7      | Noticed a troll
  5562 | D:7      | Noticed a seven-headed hydra
  5590 | D:7      | Reached skill level 7 in Axes
  5658 | D:7      | Found the amulet of Elemental Vulnerability {rPois rF--
                  | rC-- AC+8}
  5664 | D:7      | Found an iron altar of Okawaru.
  6021 | D:8      | Noticed a hornet
  6037 | D:8      | Reached skill level 8 in Axes
  6047 | D:8      | Killed a hornet
  6052 | D:8      | Reached skill level 9 in Axes
  6055 | D:8      | Reached XP level 9. HP: 27/78 MP: 8/8
  6507 | D:8      | Found a runed translucent door.
  6519 | D:8      | Noticed olddryhag's ghost (journeyman CoWn)
  6872 | D:9      | Reached skill level 10 in Axes
  6889 | D:9      | Learned a level 3 spell: Passwall
  7020 | D:9      | Reached skill level 11 in Axes
  7020 | D:9      | Reached skill level 10 in Armour
  7179 | D:9      | Found a broken altar of Ashenzari.
  7180 | D:9      | Found a basalt altar of Yredelemnul.
  7182 | D:9      | Found an opulent altar of Gozag.
  7185 | D:9      | Found a stormy altar of Qazlal.
  7187 | D:9      | Found a burning altar of Makhleb.
  7187 | D:9      | Found a hide-covered altar of Uskayaw.
  7187 | D:9      | Found an ornate altar of the Wu Jian Council.
  7188 | D:9      | Found a shadowy altar of Dithmenos.
  7188 | D:9      | Found a sparkling altar of Nemelex Xobeh.
  7189 | D:9      | Found a blossoming altar of Fedhas.
  7191 | D:9      | Found a hazy altar of Hepliaklqana.
  7192 | D:9      | Found a glowing golden altar of the Shining One.
  7334 | D:9      | Reached skill level 12 in Axes
  7338 | D:9      | Reached XP level 10. HP: 67/88 MP: 9/9
  7613 | D:9      | Noticed a two-headed ogre
  7625 | D:9      | Killed a two-headed ogre
  7626 | D:9      | Reached skill level 13 in Axes
  7626 | D:9      | Reached skill level 1 in Dodging
  8030 | D:10     | Entered Level 10 of the Dungeon
  8253 | D:10     | Found a runed translucent gate.
  8253 | D:10     | Found a runed translucent gate.
  8254 | D:10     | Noticed Lemonizer's ghost (novice MDEE)
  8262 | D:10     | Noticed a boulder beetle
  8291 | D:10     | Reached skill level 14 in Axes
  8609 | D:10     | Found a runed translucent gate.
  8727 | D:10     | Noticed Urug
  8737 | D:10     | Killed Urug
  8800 | D:10     | Found a staircase to the Lair.
  8805 | D:10     | Reached XP level 11. HP: 88/97 MP: 10/10
  9005 | D:10     | Reached skill level 15 in Axes
  9104 | Lair:1   | Entered Level 1 of the Lair of Beasts
  9281 | Lair:1   | Reached skill level 16 in Axes
  9566 | Lair:1   | Reached skill level 10 in Fighting
  9587 | Lair:1   | Identified the +2 long sword "Rasamera" {venom, *Slow rN+
                  | Dex+7}
  9982 | Lair:1   | Noticed a skyshark
  9982 | Lair:1   | Noticed a skyshark
  9987 | Lair:1   | Killed a skyshark
  9988 | Lair:1   | Reached skill level 1 in Spellcasting
  9988 | Lair:1   | Reached skill level 1 in Earth Magic
  9994 | Lair:1   | Killed a skyshark
 10375 | Lair:2   | Reached skill level 1 in Evocations
 10457 | Lair:2   | Identified the +10 quarterstaff of Biumac {speed, +Blink
                  | rC+ MP-9 Str+3}
 10480 | Lair:2   | Noticed a skyshark
 10519 | Lair:2   | Noticed a five-headed hydra
 10531 | Lair:1   | HP: 4/101 [five-headed hydra (8)]
 11158 | D:11     | Noticed a two-headed ogre
 11167 | D:11     | Killed a two-headed ogre
 11168 | D:11     | Reached XP level 12. HP: 89/108 MP: 13/13
 11512 | D:11     | Found a runed translucent gate.
 11513 | D:11     | Found a runed translucent gate.
 11513 | D:11     | Noticed HilariousDeathArtist's ghost (journeyman CoCj)
 11514 | D:11     | Found a runed translucent gate.
 11844 | D:12     | Identified the +3 ring mail "Ruheing" {Harm *Corrode rPois
                  | Dex+3}
 11863 | D:12     | Noticed Fannar
 11875 | D:12     | Killed Fannar
 11876 | D:12     | Reached skill level 5 in Dodging
 12105 | D:12     | Found a staircase to the Orcish Mines.
 12552 | D:12     | Found Moutost's Tremendous Tomes.
 12552 | D:12     | Noticed a boulder beetle
 12570 | D:12     | Killed a boulder beetle
 12769 | Orc:1    | Entered Level 1 of the Orcish Mines
 12796 | Orc:1    | Noticed Snorg
 12845 | Orc:1    | Killed Snorg
 12860 | Orc:1    | Found Inikhlor's Armour Shoppe.
 12894 | Orc:1    | Noticed an ettin
 12909 | Orc:1    | Killed an ettin
 13204 | Orc:1    | Found a roughly hewn altar of Beogh.
 13481 | Orc:2    | Entered Level 2 of the Orcish Mines
 13543 | Orc:2    | Found a staircase to the Elven Halls.
 13794 | Orc:2    | Noticed a two-headed ogre
 13807 | Orc:2    | Killed a two-headed ogre
 14150 | Orc:2    | Reached skill level 10 in Shields
 14261 | Orc:2    | Found Leotu's Magic Scroll Boutique.
 14291 | Orc:2    | Found Huize's General Store.
 14376 | Orc:2    | Bought a scroll of teleportation for 45 gold pieces
 14376 | Orc:2    | Bought a scroll of teleportation for 45 gold pieces
 14376 | Orc:2    | Bought a scroll of blinking for 112 gold pieces
 14376 | Orc:2    | Bought a scroll of fear for 60 gold pieces
 14381 | Orc:2    | Bought a scroll of teleportation for 42 gold pieces
 14436 | Orc:2    | Noticed an orc high priest
 14477 | Orc:2    | Reached XP level 13. HP: 70/117 MP: 15/17
 15967 | D:12     | Identified the +12 whip of Guun {protect, rN+ Int+4}
 16846 | Lair:3   | Found a staircase to the Swamp.
 16976 | Lair:3   | Found a runed translucent gate.
 16977 | Lair:3   | Found a runed translucent gate.
 16978 | Lair:3   | Found a runed translucent gate.
 16979 | Lair:3   | Noticed jasper's ghost (journeyman DsFi)
 16979 | Lair:3   | Noticed RBrandon's ghost (journeyman CoBe)
 16979 | Lair:3   | Noticed Shayle's ghost (journeyman CoAl)
 16980 | Lair:3   | Noticed hattop's ghost (journeyman MDFi)
 16980 | Lair:3   | Noticed Livid's ghost (journeyman OnFE)
 17306 | Lair:3   | Found a staircase to the Snake Pit.
 17907 | Lair:3   | Reached skill level 5 in Maces & Flails
 18623 | Lair:4   | Reached XP level 14. HP: 129/129 MP: 20/20
 18736 | Lair:4   | Identified the +2 war axe "Joynofush" {flame, rPois Will+}
 18917 | Lair:4   | Gained mutation: You have a pair of large horns on your
                  | head. [potion of mutation]
 18962 | Lair:4   | Reached skill level 5 in Spellcasting
 19272 | Lair:5   | Entered Level 5 of the Lair of Beasts
 19362 | Lair:4   | Reached skill level 15 in Armour
 20134 | Orc:2    | Found Ushruqysh's Antique Armour Emporium.
 20134 | Orc:2    | Found Nethiych's Jewellery Shoppe.
 20135 | Orc:2    | Found a one-way gate leading to the halls of Pandemonium.
 20141 | Orc:2    | Bought a shiny buckler for 202 gold pieces
 20414 | Orc:1    | Found a roughly hewn altar of Beogh.
 20423 | Orc:1    | Noticed Erica
 20432 | Orc:1    | Killed Erica
 20437 | Orc:1    | Slain by an ettin

Illustrated notes

Levels and vault maps discovered:
D:1:      amcnicky_arrival_gap_in_the_tavern_cellar, layout_basic
D:2:      layout_loops_corners
D:3:      layout_rooms, serial_shops, shop, serial_forest,
          infiniplex_forest_straight_1, infiniplex_forest_straight_2,
          infiniplex_forest_clump_double, infiniplex_forest_clump_double,
          infiniplex_forest_end_1, minmay_bisected
D:4:      layout_loops_corners, led_sif_book
D:5:      layout_rooms
D:6:      layout_loops_corners, zin_academy, minmay_temple_entry_offerings,
          serial_library, serial_library_regret_index_headful,
          serial_library_hellmonk_filled_rooms,
          serial_library_regret_index_branch_corner,
          serial_library_hellmonk_octagon,
          serial_library_hellmonk_angled_corner,
          serial_library_hellmonk_junction
D:7:      layout_cave_pools, mainiacjoe_overflow_brackets,
          biasface_ghost_orc_armoury, minmay_strange_pillars,
          hangedman_decor_slide_cut, hellmonk_guarded_unrand_vines
D:8:      layout_basic, hellmonk_ghost_happy_afterlife,
          nicolae_straight_to_the_point
D:9:      layout_gridville, minitemple, minmay_misc_feat_columns
D:10:     layout_irregular_city, grunt_lair_entry_orc_guard_hut,
          gammafunk_ghost_split, uniq_urug
D:11:     layout_cave_pools, gammafunk_ghost_nasty_kobolds
D:12:     four-leaf_vault, layout_basic, erik_orc_3,
          nicolae_shop_i_like_big_books, minivault_16, uniq_fannar
D:13:     layout_layer_cave, minmay_shattered_shrine
Lair:1:   layout_misc_corridors, serial_bayou_pond_b,
          grunt_forest_large_clearing_hut
Lair:2:   layout_regular_city, gauntlet_entry_generic,
          infiniplex_staircase_pool_2
Lair:3:   layout_regular_city, minmay_swamp_entry_reptiles,
          nicolae_snake_entry_squirm, gammafunk_ghost_cemetery
Lair:4:   layout_gridlike, grunt_megastairs_2, serial_bayou_shore_b,
          serial_bayou_shore_b
Lair:5:   minmay_lair_end_frog_pond, layout_big_grid,
          nicolae_slime_entry_field_trip, pond
Orc:1:    nicolae_orc_accident_2, layout_caves, serial_shops, shop, basic_altar,
          uniq_snorg, uniq_erica
Orc:2:    pf_orc_diabolical, layout_diamond_mine

Skill      XL: |  1  2  3  4  5  6  7  8  9 10 11 12 13 14 |
---------------+-------------------------------------------+-----
Fighting       | 4 5 6 7 9 10 11 13 | 13.4
Armour         | 4 5 6 7 8 10 11 12 13 14 15 | 15.4
Shields        | 4 5 6 7 9 10 | 10.1
Maces & Flails | 3 5 6 |  6.1
Axes           | 1 2 4 5 9 12 14 16 | 16.4
Dodging        | 3 4 6 8 9 |  9.0
Spellcasting   | 1 3 4 5 |  5.0
Earth Magic    | 2 4 |  4.0
Evocations     | 1 4 |  4.0

Action                     |  1- 3 |  4- 6 |  7- 9 | 10-12 | 13-15 || total
---------------------------+-------+-------+-------+-------+-------++-------
  Melee: Flail             |    83 |    18 |       |       |       ||   101
         Headbutt          |    17 |    12 |    30 |   125 |    97 ||   281
         Hand axe          |       |    71 |   186 |   600 |   435 ||  1292
  Throw: Dart              |       |     1 |     1 |    20 |     9 ||    31
   Cast: Passwall          |       |       |       |       |     2 ||     2
  Evoke: Wand              |       |       |     1 |     1 |     1 ||     3
    Use: Scroll            |       |     4 |     1 |    24 |     4 ||    33
         Potion            |       |       |     3 |     6 |     5 ||    14
 Armour: Scale mail        |    75 |     8 |       |       |       ||    83
         Plate armour      |       |    93 |   190 |   475 |   479 ||  1237
  Dodge: Dodged            |    46 |    30 |    53 |   180 |   225 ||   534
  Block: Other             |       |       |    37 |    22 |       ||    59
         Reflection        |       |       |     1 |       |       ||     1
         Buckler           |       |       |       |       |    13 ||    13

Table legend: (Time is in decaauts)
 A = Elapsed time spent in this place.
 B = Non-inter-level travel time spent in this place.
 C = Inter-level travel time spent in this place.
 D = Time resting spent in this place.
 E = Time spent auto-exploring this place.
 F = Levels seen in this place.
 G = Mean time per level.
                   A        B        C        D        E       F      G
               +--------+--------+--------+--------+--------+-----+--------+
         Total |  20091 |  19094 |    997 |   3470 |  11573 |  20 | 1004.5 |
       Dungeon |  12157 |  11532 |    625 |   1568 |   7779 |  13 |  935.2 |
          Lair |   4975 |   4742 |    233 |   1534 |   2208 |   5 |  995.0 |
  Orcish Mines |   2959 |   2821 |    138 |    368 |   1586 |   2 | 1479.5 |
               +--------+--------+--------+--------+--------+-----+--------+

Top non-repeatable levels by time:
   Orc:2: 2146 daAuts
  Lair:3: 1837 daAuts
    D:12: 1796 daAuts
     D:6: 1571 daAuts
  Lair:1: 1567 daAuts
  Lair:4: 1179 daAuts
     D:9: 1164 daAuts
    D:10: 1096 daAuts
     D:2: 1065 daAuts
     D:8: 973 daAuts
    D:11: 918 daAuts
     D:1: 913 daAuts
     D:4: 856 daAuts
   Orc:1: 812 daAuts
     D:3: 662 daAuts
